 Dungeon Crawl Stone Soup version 0.22-a0-445-g8c8ef71 (webtiles) character file.

46 dstrtnsr the Shield-Bearer (level 3, 34/34 HPs)
             Began as a Deep Dwarf Fighter on June 2, 2018.
             Quit the game on level 2 of the Dungeon.
             The game lasted 00:00:53 (351 turns).

dstrtnsr the Shield-Bearer (Deep Dwarf Fighter)      Turns: 351, Time: 00:00:54

Health: 34/34      AC:  3    Str: 20    XL:     3   Next: 44%
Magic:  3/3        EV:  7    Int:  8    God:
Gold:   70         SH:  9    Dex: 12    Spells: 2/2 levels left

rFire    . . .     SeeInvis .   a - +0 war axe
rCold    . . .     Gourm    .   c - +0 shield
rNeg     . . .     Faith    .   b - +0 scale mail
rPois    .         Spirit   .   (no helmet)
rElec    .         Reflect  .   (no cloak)
rCorr    .         Harm     .   (no gloves)
MR       .....                  (no boots)
Stlth    ..........             (no amulet)
HPRegen  0.00/turn              (no ring)
MPRegen  0.08/turn              (no ring)

@: corroded, non-regenerating
A: damage resistance, heal wounds, sense surroundings 1, no regeneration
a: Heal Wounds


You were on level 2 of the Dungeon.
You were not hungry.

You visited 1 branch of the dungeon, and saw 2 of its levels.

You collected 70 gold pieces.

Inventory:

Hand Weapons
 a - a +0 war axe (weapon)
Armour
 b - a +0 scale mail (worn)
 c - a +0 shield (worn)
Scrolls
 g - 2 scrolls of enchant weapon {unknown}
 k - a scroll of fear {unknown}
Potions
 d - 2 potions of might
 h - a potion of curing {unknown}
 i - a potion of heal wounds {unknown}
 j - a potion of lignification {unknown}
 l - a potion of mutation {unknown}
Comestibles
 e - a ration {!d}
 f - a chunk of flesh


   Skills:
 + Level 3.1 Fighting
 + Level 2.8 Axes
 + Level 3.7 Armour
 + Level 3.8 Shields


You had 2 spell levels left.
You didn't know any spells.
Your spell library was empty.

Dungeon Overview and Level Annotations

Branches:
Dungeon (2/15)

Altars:


Innate Abilities, Weirdness & Mutations

You are resistant to damage.
You can heal yourself by infusing magical energy.
You passively map a small area around you.
You do not regenerate.


Message History

No target in view!
No target in view!
You butcher the frilled lizard corpse.
f - 4 chunks of flesh (gained 1)
You now have 42 gold pieces (gained 7).
You now have 53 gold pieces (gained 11).
Key pressed, stopping explore.
No target in view!
Things that are here:
a pair of boots; 12 sling bullets You now have 68 gold pieces (gained 15).
You open the door.
There is an open door here.
You open the door.
There is an open door here.
Found 20 arrows.
j - a green potion No target in view!
You open the door.
There is an open door here.
There is an open door here.
A kobold comes into view.
The kobold shouts!
Found a scroll labeled POXOSA VEURUA.
The kobold barely misses you.
You closely miss the kobold. The kobold hits you.
You slash the kobold!
You kill the kobold!
No target in view!
You see here a kobold corpse.
k - a scroll labeled POXOSA VEURUA No target in view!
l - a golden potion No target in view!
You now have 70 gold pieces (gained 2).
You see here a kobold corpse.
A rat comes into view.
A rat is nearby!
Found a stone staircase leading down.
A rat is nearby!
A rat is nearby!
You barely miss the rat. You block the rat's attack.
The rat bites you but does no damage.
You hit the rat.
You kill the rat!
No target in view!
No target in view!
A jelly comes into view.
Found a scroll labeled GAMI OPPOBEN.
Found a stone staircase leading up.
A jelly is nearby!
A goblin comes into view. It is wielding a club.
The goblin shouts!
The jelly hits you.
You are splashed with acid!
The acid burns!
You slash the jelly!
Your hands burn!
The jelly is heavily wounded.
The jelly hits you. The acid corrodes you!
You are splashed with acid!
The acid burns!
* * * LOW HITPOINT WARNING * * *
You block the jelly's attack.
A rat comes into view.
There are monsters nearby!
You are too injured to fight recklessly!
There are monsters nearby!
You are too injured to fight recklessly!
You are too injured to fight recklessly!
You are too injured to fight recklessly!
You are too injured to fight recklessly!
You are too injured to fight recklessly!
Unknown command.
The jelly jiggles.
Okay, then.
You feel much better. The jelly barely misses you.
Unknown command.
You slash the jelly!
You kill the jelly!
Increase (S)trength, (I)ntelligence, or (D)exterity?
Adjust (i)tems, (s)pells, or (a)bilities?
You don't know any spells.
Unknown command.
Adjust (i)tems, (s)pells, or (a)bilities?
Adjust which ability?
No such ability.
Unknown command.
Adjust (i)tems, (s)pells, or (a)bilities?
Adjust which ability? w - Heal Wounds Adjust to which letter? p - Heal Wounds Adjust (i)tems, (s)pells, or (a)bilities?
Adjust which ability? p - Heal Wounds Adjust to which letter? w - Heal Wounds (m)acro, (M)acro raw, keymap [(k) default, (x) level-map, (t)argeting, (c)onfirm, m(e)nu], (s)ave?
Input macro trigger key: p Input macro action: aw Created macro 'p' => 'aw'.
Quiver which item? (- for none, * to show all) (? for menu, Esc to quit)
Okay, then.
Are you sure you want to abandon this character and quit the game? (Confirm with "yes".)

* * ..######## * , * ,
#........# #
#........# * .# ,*
*#........+ ..r,, *
#.......#* ... ., *
#.......# .. ., *
...###.......##.#....
.>.......@g..........
,
*#+####....#.###......
, #.# #.####.# **#?#<.
#.# #.####.# # #.#
#....#.. ,
#.#######.######## ,
#.##......####... ,
#.#..........#.######
#.'..............(...


You could see a goblin.

Vanquished Creatures
  A jelly (D:2)
  3 dart slugs
  A giant cockroach (D:1)
  A goblin (D:1)
  A hobgoblin (D:1)
  A frilled lizard (D:2)
  2 kobolds
  A rat (D:2)
11 creatures vanquished.

Notes
Turn   | Place    | Note
-------+----------+-------------------------------------------
     0 | D:1      | dstrtnsr the Deep Dwarf Fighter began the quest for the Orb.
     0 | D:1      | Reached XP level 1. HP: 20/20 MP: 1/1
   113 | D:1      | Reached XP level 2. HP: 25/27 MP: 2/2
   344 | D:2      | HP: 5/27 [acid (7)]
   350 | D:2      | Reached XP level 3. HP: 34/34 MP: 3/3
   351 | D:2      | Quit the game

Vault maps used:
D:1:      nzn_arrival_settlement

Skill      XL: |  1  2 |
---------------+-------+-----
Fighting       | 3 |  3.1
Axes           | |  2.8
Armour         | |  3.7
Shields        | |  3.8

Action                   || total
-------------------------++-------
Melee: War axe           ||    26
 Abil: Heal Wounds       ||     1
Armor: Scale mail        ||     9
Dodge: Dodged            ||     7
Block: Shield            ||     6

Table legend:
 A = Spawn XP
 B = Non-spawn XP
 C = Spawn XP percentage of total XP
 D = Spawn monster count
 E = Non-spawn monster count
 F = Spawn count percentage of total count
 G = Total turns spent on level
                    A         B        C        D         E        F      G
               +---------+---------+-------+---------+---------+-------+---------
         Total |       0 |      66 |   0.0 |       0 |      11 |   0.0 |   351
               +---------+---------+-------+---------+---------+-------+---------
           D:1 |       0 |      15 |   0.0 |       0 |       6 |   0.0 |   163
           D:2 |       0 |      51 |   0.0 |       0 |       5 |   0.0 |   188
               +---------+---------+-------+---------+---------+-------+---------
